 Dungeon Crawl Stone Soup version 0.23-a0-448-g1c01f63 (webtiles) character file.

150 Cryolive the Digger (level 5, -1/30 HPs)
             Began as a Gargoyle Earth Elementalist on Nov 20, 2018.
             Slain by an orc
             ... wielding a +1 flail of venom
              (3 damage)
             ... on level 3 of the Dungeon.
             The game lasted 00:07:52 (2820 turns).

Cryolive the Digger (Gargoyle Earth Elementalist)   Turns: 2820, Time: 00:07:53

Health: -1/30      AC:  7    Str: 12    XL:     5   Next: 32%
Magic:  2/9        EV:  9    Int: 16    God:
Gold:   138        SH:  0    Dex: 10    Spells: 5/9 levels left

rFire    . . .     SeeInvis .   i - +0 mace
rCold    . . .     Gourm    .   (no shield)
rNeg     + . .     Faith    .   c - +0 robe
rPois    ∞         Spirit   .   j - +0 helmet
rElec    +         Reflect  .   (no cloak)
rCorr    .         Harm     .   (no gloves)
MR       .....                  (no boots)
Stlth    ++........             (no amulet)
HPRegen  0.10/turn              (no ring)
MPRegen  0.11/turn              (no ring)

@: very slightly contaminated, constricted
A: negative energy resistance 1, electricity resistance, unbreathing,
petrification resistance, rot immunity, AC +4
a: no special abilities


You were on level 3 of the Dungeon.
You were hungry.

You visited 1 branch of the dungeon, and saw 3 of its levels.

You collected 138 gold pieces.

Inventory:

Hand Weapons
 i - a +0 mace (weapon)
Missiles
 b - 26 stones (quivered)
Armour
 c - a +0 robe (worn)
 j - a +0 helmet (worn)
Scrolls
 e - 3 scrolls of identify {unknown}
 h - a scroll of blinking {unknown}
Potions
 a - a potion of brilliance {unknown}
 f - 2 potions of mutation {unknown}
 g - 2 potions of curing {unknown}
 k - a potion of degeneration {unknown}
Comestibles
 d - 5 rations


   Skills:
 + Level 1.9 Fighting
 + Level 2.0 Armour
 + Level 2.2 Dodging
 - Level 2.1 Stealth
 + Level 2.7 Spellcasting
 + Level 1.3 Conjurations
   Level 0.7 Transmutations
 + Level 4.5 Earth Magic


You had 5 spell levels left.
You knew the following spells:

 Your Spells              Type           Power        Failure   Level  Hunger
a - Sandblast             Erth           ###...       3%          1    #......
b - Stone Arrow           Conj/Erth      ##....       17%         3    ###....

Your spell library contained the following spells:

 Spells                   Type           Power        Failure   Level  Hunger
 Passwall                 Tmut/Erth      ##......     10%         2    ##.....
 Petrify                  Tmut/Erth      ##......     54%         4    #####..
 Lee's Rapid Deconstruct  Erth           ###.......   63%         5    ######.


Dungeon Overview and Level Annotations

Branches:
Dungeon (3/15)

Altars:
Kikubaaqudgha
Nemelex Xobeh


Innate Abilities, Weirdness & Mutations

You are resistant to torment.
Your stone body is resilient. (AC +4)
You are immune to poison.
You resist negative energy. (rN+)
You are resistant to electric shocks. (rElec)
You can survive without breathing.
You are immune to petrification.
You are immune to rotting.


Message History

Aim: an adder (almost dead)
You miscast Sandblast.
You are very lightly contaminated with residual magic.
You feel gritty. The adder bites you.
* * * LOW HITPOINT WARNING * * *
The orc hits you but does no damage. The orc hits you.
* * * LOW HITPOINT WARNING * * *
The ball python closely misses you. The ball python constricts you.
The goblin hits you.
* * * LOW HITPOINT WARNING * * *
Casting: Sandblast (safe; 3% risk of failure)
Confirm with . or Enter, or press ? or * to list all spells.
Aiming: Sandblast (safe; 3% risk of failure)
Press: ? - help, Shift-Dir - straight line, f/p - adder
Aim: an adder (almost dead)
The blast of sand hits the adder.
You kill the adder!
b - 26 stones The orc hits you with a +1 flail of venom.
You die...

######..........
#.......#.#.#..##
#######.####.##.#......
............†........#
.......###...........#
.....................###
######..................
###....######....o...#
....#### #.!S@o...#
##### #..o†g......
#...........
#..........#
#...........
#%..........
#.......#### .....####


You could see 3 orcs, a goblin and a ball python.

Vanquished Creatures
  An orc wizard (D:3)
  Robin (D:2)
  4 adders
  An ooze (D:2)
  A worm (D:2)
  A dart slug (D:1)
  4 leopard geckos
  An orc (D:3)
  5 giant cockroaches
  11 goblins
  8 hobgoblins
  3 jackals (D:2)
  A quokka (D:2)
  8 bats
  3 frilled lizards (D:2)
  4 kobolds
  A rat (D:1)
58 creatures vanquished.

Notes
Turn   | Place    | Note
-------+----------+-------------------------------------------
     0 | D:1      | Cryolive the Gargoyle Earth Elementalist began the quest
                  | for the Orb.
     0 | D:1      | Reached XP level 1. HP: 10/10 MP: 3/3
   375 | D:1      | Reached XP level 2. HP: 11/16 MP: 5/5
   767 | D:1      | Reached skill level 1 in Fighting
   789 | D:1      | Reached skill level 1 in Armour
  1143 | D:1      | Reached XP level 3. HP: 20/20 MP: 6/6
  1148 | D:1      | Learned a level 3 spell: Stone Arrow
  1523 | D:2      | Noticed Robin
  1549 | D:2      | Reached skill level 4 in Earth Magic
  1875 | D:2      | Killed Robin
  1875 | D:2      | Reached XP level 4. HP: 10/25 MP: 1/7
  2293 | D:2      | Reached skill level 1 in Conjurations
  2509 | D:2      | Found a sparkling altar of Nemelex Xobeh.
  2576 | D:2      | Found an ancient bone altar of Kikubaaqudgha.
  2817 | D:3      | Reached XP level 5. HP: 14/30 MP: 5/9
  2820 | D:3      | Slain by an orc

Vault maps used:
D:1:      minmay_arrival_semitransparent
D:2:      nicolae_overflow_crystal_walls, old_standard_altar,
          minmay_crystal_room, uniq_robin
D:3:      overflow_temple_1_default, grunt_temple_overflow_diamond,
          chequers_ecumenical_altar_simple

Skill      XL: |  1  2  3  4 |
---------------+-------------+-----
Fighting       | 1 |  1.9
Armour         | 1 2 |  2.0
Earth Magic    | 4 |  4.5
Dodging        | 2 |  2.2
Conjurations   | 1 |  1.3
Stealth        | |  2.1
Spellcasting   | |  2.7
Transmutations | |  0.7

Action                   |  1- 3 |  4- 6 || total
-------------------------+-------+-------++-------
Melee: Unarmed           |    23 |       ||    23
       Dagger            |    87 |       ||    87
       Whip              |    33 |       ||    33
       Mace              |       |   105 ||   105
 Cast: Sandblast         |    15 |     7 ||    22
 Stab: Sleeping          |     4 |     6 ||    10
  Eat: Chunk             |     3 |     3 ||     6
Armor: Robe              |    54 |    53 ||   107
Dodge: Dodged            |   103 |   104 ||   207

Table legend:
 A = Non-vault XP
 B = Vault XP
 C = Vault XP percentage of total XP
 D = Non-vault monster count
 E = Vault monster count
 F = Vault count percentage of total count
                 A         B        C        D         E       F
            +---------+---------+-------+---------+---------+-------
      Total |     183 |      32 |  14.9 |      49 |       9 |  15.5
            +---------+---------+-------+---------+---------+-------
        D:1 |      37 |       0 |   0.0 |      19 |       0 |   0.0
        D:2 |      73 |      32 |  30.5 |      24 |       9 |  27.3
        D:3 |      73 |       0 |   0.0 |       6 |       0 |   0.0
            +---------+---------+-------+---------+---------+-------
